 Seeded DCSS version 0.29.0-11-gd7f09526c8 (webtiles) character file.

Game seed: 3121381558354691732 (custom seed)

6045 purpskrrrp the Skirmisher (level 10, -2/68 HPs)
             Began as a Barachi Hunter on Sept 7, 2022.
             Was an Initiate of Ashenzari.
             Slain by an orc warrior
             ... wielding a +0 battleaxe
              (14 damage)
             ... in a bailey.
             The game lasted 00:13:06 (7616 turns).

purpskrrrp the Skirmisher (Barachi Hunter)          Turns: 7616, Time: 00:13:08

Health: -2/68      AC:  5    Str: 24    XL:     10   Next: 87%
Magic:  10/10      EV: 13    Int:  9    God:    Ashenzari [......]
Gold:   527        SH:  5    Dex: 27    Spells: 9/9 levels left

rFire   . . .      SeeInvis +   h - +3 arbalest (flame)
rCold   . . .      Faith    .   (shield currently unavailable)
rNeg    . . .      Spirit   .   W - +2 robe "Nuphul" {Will- Str+4 Dex+2 Stlth+}
rPois   +          Reflect  +   o - +0 helmet
rElec   .          Harm     .   (no cloak)
rCorr   .          Rampage  .   (no gloves)
Will    .....                   (no boots)
Stlth   +++.......              t - amulet of reflection
HPRegen 0.21/turn               f - +6 ring of strength
MPRegen 0.12/turn               g - ring of Puwe Bau {rPois Dex+6 SInv}

@: studying Throwing, slow
A: amphibious, slowness 1, strong legs 1, +LOS
a: Hop, Renounce Religion, Curse Item


You were in a bailey.
You worshipped Ashenzari.
Ashenzari was noncommittal.
You visited 2 branches of the dungeon, and saw 10 of its levels.
You also visited: Bailey.

You collected 527 gold pieces.

Inventory:

Hand Weapons
 a - a +0 shortbow
 h - a +3 arbalest of flaming (weapon)
Missiles
 e - 5 throwing nets
Armour
 c - a +0 leather armour
 o - a +0 helmet (worn)
 W - the +2 robe "Nuphul" (worn) {Will- Str+4 Dex+2 Stlth+}
   (You found it in a bailey)

   Str:       It affects your strength (+4).
   Dex:       It affects your dexterity (+2).
   Will:      It decreases your willpower.
   Stlth:     It makes you more stealthy.
Jewellery
 f - a +6 ring of strength (left hand)
 g - the ring of Puwe Bau (right hand) {rPois Dex+6 SInv}
   (You acquired it on level 1 of the Dungeon)

   [ring of dexterity]

   Dex:       It affects your dexterity (+6).
   rPois:     It protects you from poison.
   SInv:      It lets you see invisible.
 m - a ring of see invisible
 s - a ring of positive energy
 t - an amulet of reflection (around neck)
 L - a ring of ice
 P - a ring of magical power
 Q - an amulet of the acrobat
 R - a ring of protection from cold
 S - an amulet of regeneration
 U - a ring of resist corrosion
 V - the ring of Rytoofeo {Str+4 Int-5 SInv}
   (You found it on level 8 of the Dungeon)

   [ring of see invisible]

   Str:       It affects your strength (+4).
   Int:       It affects your intelligence (-5).
   SInv:      It lets you see invisible.
Wands
 J - a wand of flame (8)
 N - a wand of light (13)
 T - a wand of roots (9)
Scrolls
 b - 2 scrolls of immolation
 d - 11 scrolls of identify {unknown}
 i - 6 scrolls of amnesia {unknown}
 k - 2 scrolls of enchant weapon {unknown}
 l - 2 scrolls of magic mapping {unknown}
 p - a scroll of poison {unknown}
 q - 5 scrolls of teleportation {unknown}
 r - 2 scrolls of fear {unknown}
 v - 3 scrolls of noise {unknown}
 y - a scroll of vulnerability {unknown}
 D - 2 scrolls of butterflies {unknown}
 F - a scroll of enchant armour {unknown}
 H - a scroll of brand weapon {unknown}
 M - a scroll of torment {unknown}
Potions
 j - 2 potions of magic {unknown}
 n - a potion of invisibility {unknown}
 u - 2 potions of heal wounds {unknown}
 w - a potion of flight {unknown}
 x - 2 potions of brilliance {unknown}
 z - a potion of ambrosia {unknown}
 A - a potion of cancellation {unknown}
 B - 2 potions of curing {unknown}
 C - a potion of attraction {unknown}
 E - 2 potions of berserk rage {unknown}
 G - a potion of lignification {unknown}
 I - 2 potions of degeneration {unknown}
 K - 3 potions of haste {unknown}
 O - a potion of might {unknown}


   Skills:
 - Level 2.4 Fighting
 * Level 13.6 Ranged Weapons
 + Level 12.9 Throwing
 - Level 2.1 Dodging
 - Level 0.8 Stealth


You had 9 spell levels left.
You didn't know any spells.
Your spell library contained the following spells:

 Spells                   Type           Power      Damage    Failure   Level
 Sting                    Tmut/Pois      0%         1d3       38%         1
 Ensorcelled Hibernation  Hex/Ice        0%         N/A       52%         2
 Passwall                 Tmut/Erth      0%         N/A       52%         2
 Poisonous Vapours        Pois/Air       0%         N/A       52%         2
 Sublimation of Blood     Necr           0%         N/A       52%         2
 Gell's Gravitas          Tloc           0%         N/A       77%         3
 Portal Projectile        Hex/Tloc       0%         N/A       77%         3
 Swiftness                Air            0%         N/A       77%         3
 Teleport Other           Tloc           0%         N/A       77%         3
 Tukima's Dance           Hex            0%         N/A       77%         3
 Animate Dead             Necr           0%         N/A       99%         4
 Olgreb's Toxic Radiance  Pois           0%         N/A       99%         4
 Passage of Golubria      Tloc           0%         N/A       99%         4
 Petrify                  Tmut/Erth      0%         N/A       99%         4
 Blade Hands              Tmut           0%         N/A       100%        5
 Borgnjor's Vile Clutch   Necr/Erth      0%         N/A       100%        5
 Irradiate                Conj/Tmut      0%         3d11      100%        5
 Yara's Violent Unravell  Hex/Tmut       0%         3d3       100%        5
 Death Channel            Necr           0%         N/A       100%        6
 Dispersal                Tloc           0%         N/A       100%        6


Dungeon Overview and Level Annotations

Branches:
Dungeon (9/15)             Temple (1/1) D:6          Bailey (1/1)
   Lair: D:8-11         Orc: D:9-12

Altars:
Ashenzari
Cheibriados
Dithmenos
Elyvilon
Fedhas
Hepliaklqana
Kikubaaqudgha
Makhleb
Nemelex Xobeh
Okawaru
Qazlal
Ru
Sif Muna
Trog
Uskayaw
Vehumet
Wu Jian
Xom
Yredelemnul
Zin
The Shining One

Shops:
D:3 *

Annotations:
D:8 2 transporters, 1 runed translucent door, purpskrrrp's ghost, novice DgHu


Innate Abilities, Weirdness & Mutations

You are amphibious.
You cover ground slowly.
You can hop short distances.
You have an extended range of vision and can be seen from far away.


Message History

You are too injured to fight recklessly!
You are too injured to fight recklessly!
You are too injured to fight recklessly!
You are too injured to fight recklessly!
You are too injured to fight recklessly!
You are too injured to fight recklessly!
You are too injured to fight recklessly!
You are too injured to fight recklessly!
You are too injured to fight recklessly!
You are too injured to fight recklessly!
You are too injured to fight recklessly!
You are too injured to fight recklessly!
You are too injured to fight recklessly!
You are too injured to fight recklessly!
You are too injured to fight recklessly!
You are too injured to fight recklessly!
You are too injured to fight recklessly!
You are too injured to fight recklessly!
You are too injured to fight recklessly!
You are too injured to fight recklessly!
You are too injured to fight recklessly!
You are too injured to fight recklessly!
You are too injured to fight recklessly!
You are too injured to fight recklessly!
You are too injured to fight recklessly!
You are too injured to fight recklessly!
You are too injured to fight recklessly!
You are too injured to fight recklessly!
You are too injured to fight recklessly!
You are too injured to fight recklessly!
You are too injured to fight recklessly!
You are too injured to fight recklessly!
You are too injured to fight recklessly!
You are too injured to fight recklessly!
Fire: h) +3 arbalest (flame)
Press: ? - help, Shift-Dir - straight line, f/p - orc warrior
Aim: an orc warrior, wielding a +0 battleaxe and wearing a +0 plate armour (almost dead, 71% to hit)
You shoot a bolt. The bolt barely misses the orc warrior.
The orc warrior hits you with a +0 battleaxe!
You die...

#.###~~.......~~##
#....~~.......~~..
#####~~.......~~#
##~.......~#
####'''####
##.....##
#∩.....∩#
#...8...#
##..@..## ###o###
.). .)..) .......
.........
...........
.............
###.(!.(.$).###


You could see an orc warrior.

Vanquished Creatures
  A flayed ghost (D:8)
  Pikel (D:6)
  Sigmund (D:4)
  2 shadows (D:8)
  A fire bat (D:8)
  4 wraiths (D:8)
  Grum (D:8)
  A steam dragon (D:8)
  An acid dragon (D:7)
  4 orc warriors
  3 water moccasins
  An ice beast (D:7)
  A sky beast (D:7)
  4 ogres
  4 wolves (D:8)
  2 centaurs
  3 lemures (D:6)
  A phantom (D:6)
  Blork the orc (D:6)
  5 kobold brigands (Bailey)
  2 bullfrogs
  3 necrophages
  3 scorpions
  A jelly (D:5)
  3 hounds
  4 orc priests
  A gnoll bouda (D:4)
  Ijyb (D:5)
  3 iguanas
  6 orc wizards
  Robin (D:4)
  7 gnolls (D:4)
  6 adders
  A white imp (D:6)
  An ufetubus (D:5)
  6 worms
  A dart slug (D:3)
  26 orcs
  17 bats
  6 endoplasms
  4 giant cockroaches
  20 goblins
  10 hobgoblins
  10 jackals
  A quokka (D:4)
  3 ball pythons
  3 frilled lizards
  12 kobolds
  5 rats
209 creatures vanquished.

Vanquished Creatures (others)
  4 fungi (D:4)
4 creatures vanquished.

Grand Total: 213 creatures vanquished

Notes
Turn   | Place    | Note
-------+----------+-------------------------------------------
     0 | D:1      | purpskrrrp the Barachi Hunter began the quest for the Orb.
     0 | D:1      | Reached XP level 1. HP: 17/17 MP: 1/1
    83 | D:1      | Found a faded altar of an unknown god.
    93 | D:1      | Got Plato's Secrets of Vitiation
   111 | D:1      | Identified 3 scrolls of acquirement
   111 | D:1      | Acquired a manual of Throwing
   113 | D:1      | Acquired a +3 arbalest of flaming
   115 | D:1      | Acquired the ring of Puwe Bau {rPois Dex+6 SInv}
   322 | D:1      | Reached skill level 1 in Throwing
   330 | D:1      | Reached XP level 2. HP: 23/23 MP: 2/2
   679 | D:2      | Found a bloodstained altar of Trog.
   768 | D:2      | Reached XP level 3. HP: 24/28 MP: 3/3
   981 | D:2      | Reached skill level 5 in Ranged Weapons
  1070 | D:2      | Reached XP level 4. HP: 34/34 MP: 4/4
  1504 | D:3      | Noticed an ogre
  1509 | D:3      | Killed an ogre
  1510 | D:3      | Reached XP level 5. HP: 17/39 MP: 5/5
  1716 | D:3      | Found Isonomam's Assorted Antiques.
  2090 | D:4      | Reached skill level 6 in Ranged Weapons
  2092 | D:4      | Reached XP level 6. HP: 46/46 MP: 6/6
  2166 | D:4      | Reached skill level 5 in Throwing
  2367 | D:4      | Reached skill level 7 in Ranged Weapons
  2373 | D:4      | Noticed Robin
  2374 | D:4      | Killed Robin
  2375 | D:4      | Reached XP level 7. HP: 51/51 MP: 7/7
  2874 | D:4      | Found an iron altar of Okawaru.
  3108 | D:4      | Noticed Sigmund
  3109 | D:4      | Killed Sigmund
  3110 | D:4      | Reached skill level 8 in Ranged Weapons
  3242 | D:5      | Entered Level 5 of the Dungeon
  3302 | D:5      | Reached XP level 8. HP: 57/57 MP: 8/8
  3667 | D:5      | Noticed Ijyb
  3669 | D:5      | Killed Ijyb
  3765 | D:5      | Reached skill level 9 in Ranged Weapons
  3945 | D:6      | Noticed Blork the orc
  3947 | D:6      | Killed Blork the orc
  4069 | D:6      | Found a staircase to the Ecumenical Temple.
  4086 | Temple   | Entered the Ecumenical Temple
  4394 | Temple   | Became a worshipper of Ashenzari the Shackled
  4864 | D:6      | Noticed Pikel
  4880 | D:6      | Killed Pikel
  4881 | D:6      | Reached skill level 10 in Ranged Weapons
  4881 | D:6      | Reached XP level 9. HP: 7/62 MP: 9/9
  5321 | D:7      | Reached skill level 10 in Throwing
  5323 | D:7      | Reached skill level 11 in Ranged Weapons
  5584 | D:7      | Found a stormy altar of Qazlal.
  6100 | D:8      | Found a transporter.
  6100 | D:8      | Noticed a moth of wrath
  6101 | D:8      | Found a transporter.
  6103 | D:8      | Noticed purpskrrrp's ghost (novice DgHu)
  6104 | D:8      | Noticed a two-headed ogre
  6105 | D:8      | Found a bloodstained altar of Trog.
  6237 | D:8      | Reached skill level 12 in Ranged Weapons
  6237 | D:8      | Reached XP level 10. HP: 62/68 MP: 10/10
  6300 | D:8      | Found a runed translucent door.
  6303 | D:8      | Found a basalt altar of Yredelemnul.
  6317 | D:8      | Noticed Grum
  6332 | D:8      | Killed Grum
  6611 | D:8      | Found a sacrificial altar of Ru.
  6866 | D:8      | Found an ornate altar of the Wu Jian Council.
  6881 | D:8      | Found a runed translucent door.
  6886 | D:8      | Found a broken altar of Ashenzari.
  6897 | D:8      | Found a sparkling altar of Nemelex Xobeh.
  6995 | D:8      | Found a stormy altar of Qazlal.
  7077 | D:8      | Found a bloodstained altar of Trog.
  7167 | D:8      | Found a hazy altar of Hepliaklqana.
  7183 | D:8      | Noticed a flayed ghost
  7190 | D:8      | Killed a flayed ghost
  7191 | D:8      | Reached skill level 13 in Ranged Weapons
  7373 | D:8      | Identified the ring of Rytoofeo {Str+4 Int-5 SInv}
  7480 | D:9      | Found a flagged portal.
  7486 | Bailey   | Entered a bailey
  7587 | Bailey   | Identified the +2 robe "Nuphul" {Will- Str+4 Dex+2 Stlth+}
  7616 | Bailey   | Slain by an orc warrior

Illustrated notes

Levels and vault maps discovered:
D:1:      minmay_arrival_glassed_features, layout_loops_ring,
          shapermc_ecumenical_altar_rom_forum, nicolae_kite_square_tiling_tiny
D:2:      layout_basic, basic_altar
D:3:      layout_rooms, serial_shops, nicolae_shop_hallway_stairs
D:4:      layout_basic, okawaru_altar_gauntlet_db, dreamdust_gnoll_farm,
          uniq_sigmund, uniq_robin
D:5:      layout_loops_ring, nicolae_sextant, uniq_ijyb
D:6:      layout_basic, minmay_temple_entry_junction, uniq_pikel,
          uniq_blork_the_orc
D:7:      layout_cave_pools, overflow_temple_1_default
D:8:      due_megacathedral, layout_gridville, nicolae_ru_sacrificial_ziggurat,
          overflow_temple_1_default, dk_yredelemnul_ordeal,
          gammafunk_ghost_wrathful_warriors, uniq_grum
D:9:      layout_roguey, enter_bailey_3, minmay_misc_feat_cross, chequers_garden
Temple:   minmay_temple_bridge_d
Bailey:   bailey_axe_3, bailey

Skill      XL: |  1  2  3  4  5  6  7  8  9 10 |
---------------+-------------------------------+-----
Throwing       | 1 2 3 4 5 7 9 11 12 | 12.9
Ranged Weapons | 5 6 7 8 10 12 13 | 13.6
Fighting       | |  2.4
Dodging        | |  2.1
Stealth        | |  0.8

Action                   |  1- 3 |  4- 6 |  7- 9 | 10-12 || total
-------------------------+-------+-------+-------+-------++-------
 Fire: Arbalest          |    53 |    79 |   197 |   131 ||   460
  Use: Scroll            |     3 |       |       |       ||     3
Armor: Leather armour    |    14 |     5 |    14 |    17 ||    50
Dodge: Dodged            |    25 |    12 |    53 |    60 ||   150
Block: Other             |       |       |    18 |    20 ||    38
       Reflection        |       |       |     1 |     3 ||     4
